TOP OF THE 1ST |
Mt Pleasant Bearcats batting - Pitching for Butler White Sox : LHP Domingo Morales
|
Pitching: LHP Domingo Morales
|
|
Batting: LHB Colm Massey
|
0-0: Ball 1-0: Foul Ball, location: 2F 1-1: Called Strike 1-2: Ground out 4-3 (Groundball, 4)
|
Batting: RHB Jesús Ramírez
|
0-0: Swinging Strike 0-1: Ground out 6-3 (Groundball, 6S)
|
Batting: RHB Cristo García
|
0-0: Ball 1-0: Ball 2-0: Called Strike 2-1: Ground out 6-3 (Groundball, 6MD)
|
Top of the 1st over - 0 run(s), 0 hit(s), 0 error(s), 0 left on base; Mt Pleasant 0 - Butler 0 |
BOTTOM OF THE 1ST |
Butler White Sox batting - Pitching for Mt Pleasant Bearcats : RHP Ricardo Quiñones
|
Pitching: RHP Ricardo Quiñones
|
|
Batting: RHB Luis Ramos
|
0-0: Ball 1-0: Ball 2-0: Ball 3-0: Called Strike 3-1: Foul Ball, location: 2F 3-2: Foul Ball, location: 2F 3-2: Strikes out swinging
|
Batting: RHB Rodney González
|
0-0: Fly out, F9 (Flyball, 9LD)
|
Batting: LHB Mark Everett
|
0-0: Fly out, F9 (Flyball, 89M)
|
Bottom of the 1st over - 0 run(s), 0 hit(s), 0 error(s), 0 left on base; Mt Pleasant 0 - Butler 0 |
TOP OF THE 2ND |
Mt Pleasant Bearcats batting - Pitching for Butler White Sox : LHP Domingo Morales
|
Batting: RHB Armando Cuevas
|
0-0: Ball 1-0: Called Strike 1-1: Called Strike 1-2: Ground out 5-3 (Groundball, 5)
|
Batting: RHB Jim Beck
|
0-0: SINGLE (Groundball, 25) (infield hit)
|
Batting: RHB Carlos Luna
|
0-0: Called Strike 0-1: Ball 1-1: Foul Ball, location: 2F 1-2: Ball 2-2: DOUBLE (Line Drive, 78M) Jim Beck to third
|
Batting: RHB Vic Langlois
|
0-0: Called Strike 0-1: Ball 1-1: Ball 2-1: SINGLE (Groundball, 6MD) Jim Beck scores Carlos Luna to third Runner from 3rd tries for Home, SAFE, no throw or cutoff
|
Batting: RHB Roberto Martínez
|
0-0: Called Strike 0-1: Foul Ball, location: 2F 0-2: Ball 1-2: Strikes out looking
|
Batting: RHB Ichizo Akiyama
|
0-0: Foul Ball, location: 2F 0-1: Fly out, F6 (Line Drive, 6)
|
Top of the 2nd over - 2 run(s), 3 hit(s), 0 error(s), 1 left on base; Mt Pleasant 2 - Butler 0 |
BOTTOM OF THE 2ND |
Butler White Sox batting - Pitching for Mt Pleasant Bearcats : RHP Ricardo Quiñones
|
Batting: RHB Richard Bankhead
|
0-0: SINGLE (Line Drive, 7LS)
|
Batting: LHB Pat Weaver
|
0-0: Swinging Strike 0-1: Called Strike Richard Bankhead steals 2nd base 0-2: Foul Ball, location: 2F 0-2: SINGLE (Groundball, 6MD) Richard Bankhead to third Runner from 3rd tries for Home, SAFE, no throw or cutoff
|
Batting: RHB Evan Robinson
|
0-0: Fly out, F2 (Popup, 25F)
|
Batting: LHB Félix Fernández
|
0-0: Ball 1-0: Foul Ball, location: 2F 1-1: Fielders Choice at 2nd, 4-6 (Groundball, 4M)
|
Batting: RHB Adam Justice
|
0-0: Fly out, F8 (Flyball, 8LM)
|
Bottom of the 2nd over - 1 run(s), 2 hit(s), 0 error(s), 1 left on base; Mt Pleasant 2 - Butler 1 |
TOP OF THE 3RD |
Mt Pleasant Bearcats batting - Pitching for Butler White Sox : LHP Domingo Morales
|
Batting: LHB Colm Massey
|
0-0: Called Strike 0-1: Swinging Strike 0-2: Ball 1-2: Strikes out looking
|
Batting: RHB Jesús Ramírez
|
0-0: Called Strike 0-1: Ball 1-1: SINGLE (Line Drive, 4MD)
|
Batting: RHB Cristo García
|
0-0: Ball 1-0: Fly out, F9 (Line Drive, 89S)
|
Batting: RHB Armando Cuevas
|
0-0: Foul Ball, location: 2F 0-1: Ball 1-1: Ball 2-1: Swinging Strike 2-2: Ground out 5-3 (Groundball, 56)
|
Top of the 3rd over - 0 run(s), 1 hit(s), 0 error(s), 1 left on base; Mt Pleasant 2 - Butler 1 |
BOTTOM OF THE 3RD |
Butler White Sox batting - Pitching for Mt Pleasant Bearcats : RHP Ricardo Quiñones
|
Batting: RHB Enrique Bermúdez
|
0-0: Ball 1-0: Ball 2-0: Called Strike 2-1: Foul Ball, location: 2F 2-2: Strikes out swinging
|
Batting: RHB Luis Ramos
|
0-0: Swinging Strike 0-1: Ball 1-1: DOUBLE (Line Drive, 78D)
|
Batting: RHB Rodney González
|
0-0: Ball 1-0: Ball 2-0: Called Strike 2-1: Fly out, F9 (Flyball, 9M)
|
Batting: LHB Mark Everett
|
0-0: Ball 1-0: Ball 2-0: Fly out, F5 (Popup, 5DF)
|
Bottom of the 3rd over - 0 run(s), 1 hit(s), 0 error(s), 1 left on base; Mt Pleasant 2 - Butler 1 |
TOP OF THE 4TH |
Mt Pleasant Bearcats batting - Pitching for Butler White Sox : LHP Domingo Morales
|
Batting: RHB Jim Beck
|
0-0: Ground out 1-3 (Groundball, 15)
|
Batting: RHB Carlos Luna
|
0-0: Called Strike 0-1: Called Strike 0-2: Ball 1-2: Fly out, F5 (Line Drive, 5)
|
Batting: RHB Vic Langlois
|
0-0: Ball 1-0: Swinging Strike 1-1: Foul Ball, location: 2F 1-2: Ball 2-2: Foul Ball, location: 2F 2-2: Foul Ball, location: 2F 2-2: Foul Ball, location: 2F 2-2: Strikes out swinging
|
Top of the 4th over - 0 run(s), 0 hit(s), 0 error(s), 0 left on base; Mt Pleasant 2 - Butler 1 |
BOTTOM OF THE 4TH |
Butler White Sox batting - Pitching for Mt Pleasant Bearcats : RHP Ricardo Quiñones
|
Batting: RHB Richard Bankhead
|
0-0: Ball 1-0: Ball 2-0: Called Strike 2-1: Foul Ball, location: 2F 2-2: Foul Ball, location: 2F 2-2: Ground out U3 (Groundball, 3)
|
Batting: LHB Pat Weaver
|
0-0: Ground out 4-3 (Groundball, 4S)
|
Batting: RHB Evan Robinson
|
0-0: Called Strike 0-1: Ball 1-1: Ball 2-1: Called Strike 2-2: Strikes out looking
|
Bottom of the 4th over - 0 run(s), 0 hit(s), 0 error(s), 0 left on base; Mt Pleasant 2 - Butler 1 |
TOP OF THE 5TH |
Mt Pleasant Bearcats batting - Pitching for Butler White Sox : LHP Domingo Morales
|
Batting: RHB Roberto Martínez
|
0-0: Fly out, F9 (Line Drive, 89M)
|
Batting: RHB Ichizo Akiyama
|
0-0: Ball 1-0: Swinging Strike 1-1: Ball 2-1: Called Strike 2-2: Foul Ball, location: 2F 2-2: Foul Ball, location: 2F 2-2: Strikes out swinging
|
Batting: LHB Colm Massey
|
0-0: Ball 1-0: Called Strike 1-1: Ball 2-1: Fly out, F9 (Flyball, 89M)
|
Top of the 5th over - 0 run(s), 0 hit(s), 0 error(s), 0 left on base; Mt Pleasant 2 - Butler 1 |
BOTTOM OF THE 5TH |
Butler White Sox batting - Pitching for Mt Pleasant Bearcats : RHP Ricardo Quiñones
|
Batting: LHB Félix Fernández
|
0-0: Called Strike 0-1: Ball 1-1: Called Strike 1-2: Foul Ball, location: 2F 1-2: SINGLE (Groundball, 3L)
|
Batting: RHB Adam Justice
|
0-0: Ball 1-0: Ball 2-0: Ball 3-0: Called Strike 3-1: Called Strike 3-2: Grounds into double play, 1-6-3 (Groundball, 23)
|
Batting: RHB Enrique Bermúdez
|
0-0: Called Strike 0-1: Swinging Strike 0-2: Ball 1-2: Strikes out swinging
|
Bottom of the 5th over - 0 run(s), 1 hit(s), 0 error(s), 0 left on base; Mt Pleasant 2 - Butler 1 |
TOP OF THE 6TH |
Mt Pleasant Bearcats batting - Pitching for Butler White Sox : LHP Domingo Morales
|
Batting: RHB Jesús Ramírez
|
0-0: Called Strike 0-1: Ball 1-1: Ball 2-1: Swinging Strike 2-2: Fly out, F3 (Line Drive, 3S)
|
Batting: RHB Cristo García
|
0-0: SINGLE (Groundball, 6D)
|
Batting: RHB Armando Cuevas
|
0-0: Ball 1-0: Called Strike 1-1: Ball 2-1: Grounds into double play, 1-4-3 (Groundball, 13S)
|
Top of the 6th over - 0 run(s), 1 hit(s), 0 error(s), 0 left on base; Mt Pleasant 2 - Butler 1 |
BOTTOM OF THE 6TH |
Butler White Sox batting - Pitching for Mt Pleasant Bearcats : RHP Ricardo Quiñones
|
Batting: RHB Luis Ramos
|
0-0: Called Strike 0-1: Ground out U3 (Groundball, 3S)
|
Batting: RHB Rodney González
|
0-0: Ball 1-0: Foul Ball, location: 2F 1-1: Ball 2-1: Ball 3-1: Called Strike 3-2: Base on Balls
|
Batting: LHB Mark Everett
|
0-0: Ball 1-0: Foul Ball, location: 2F 1-1: Fly out, F8 (Line Drive, 8LD)
|
Batting: RHB Richard Bankhead
|
0-0: Ball 1-0: Called Strike 1-1: Called Strike 1-2: Ball 2-2: SINGLE (Line Drive, 89S) Rodney González to second Runner from 2nd tries for 3rd, SAFE, throw made to third
|
Batting: LHB Pat Weaver
|
0-0: Foul Ball, location: 2F 0-1: Fly out, F7 (Flyball, 7LM)
|
Bottom of the 6th over - 0 run(s), 1 hit(s), 0 error(s), 2 left on base; Mt Pleasant 2 - Butler 1 |
TOP OF THE 7TH |
Mt Pleasant Bearcats batting - Pitching for Butler White Sox : LHP Domingo Morales
|
Batting: RHB Jim Beck
|
0-0: Ball 1-0: Fly out, F9 (Flyball, 9M)
|
Batting: RHB Carlos Luna
|
0-0: Called Strike 0-1: Foul Ball, location: 2F 0-2: Ball 1-2: Foul Ball, location: 2F 1-2: Foul Ball, location: 2F 1-2: Strikes out looking
|
Batting: RHB Vic Langlois
|
0-0: Called Strike 0-1: Called Strike 0-2: Strikes out swinging
|
Top of the 7th over - 0 run(s), 0 hit(s), 0 error(s), 0 left on base; Mt Pleasant 2 - Butler 1 |
BOTTOM OF THE 7TH |
Butler White Sox batting - Pitching for Mt Pleasant Bearcats : RHP Ricardo Quiñones
|
Batting: RHB Evan Robinson
|
0-0: Ball 1-0: Ball 2-0: Ball 3-0: Called Strike 3-1: SINGLE (Flyball, 7S)
|
Pitching: LHP José Chávez
|
|
Batting: LHB Félix Fernández
|
0-0: Bunted foul 0-1: Sac Bunt - play at second, runner OUT! 2-6
|
Pinch Hitting: RHB Luis Alou
|
0-0: Foul Ball, location: 2F 0-1: Foul Ball, location: 2F 0-2: Ball 1-2: Ball 2-2: Ball 3-2: Strikes out swinging Félix Fernández steals 2nd base Batter strikes out.
|
Batting: RHB Enrique Bermúdez
|
0-0: Ball 1-0: 2-RUN HOME RUN (Flyball, 7D), Distance : 364 ft
|
Batting: RHB Luis Ramos
|
0-0: Ball 1-0: Called Strike 1-1: Swinging Strike 1-2: Foul Ball, location: 2F 1-2: Ball 2-2: Foul Ball, location: 2F 2-2: Foul Ball, location: 2F 2-2: Strikes out swinging
|
Bottom of the 7th over - 2 run(s), 2 hit(s), 0 error(s), 0 left on base; Mt Pleasant 2 - Butler 3 |
TOP OF THE 8TH |
Mt Pleasant Bearcats batting - Pitching for Butler White Sox : LHP Domingo Morales
|
Pitching: RHP Wilson Martínez
|
|
Now at SS: Luis Alvarado
|
|
Now in LF: Geoff Bradley
|
|
Batting: RHB Roberto Martínez
|
0-0: Called Strike 0-1: SINGLE (Line Drive, 4MD)
|
Pitching: RHP Chris Arnold
|
|
Batting: RHB Ichizo Akiyama
|
0-0: Ball 1-0: Bunt missed! 1-1: Sac Bunt - play at first, batter OUT! 3-4 Roberto Martínez to second
|
Pitching: LHP Pedro Guerra
|
|
Pinch Hitting: RHB Yasutoki Kojima
|
0-0: Ball 1-0: Called Strike 1-1: Ball 2-1: Swinging Strike 2-2: Ball 3-2: Foul Ball, location: 2F 3-2: 2-RUN HOME RUN (Flyball, 89XD), Distance : 409 ft
|
Batting: RHB Jesús Ramírez
|
0-0: Swinging Strike 0-1: SINGLE (Groundball, 56D)
|
Batting: RHB Cristo García
|
0-0: Ball 1-0: SINGLE (Groundball, 6MD) Jesús Ramírez to second
|
Batting: RHB Armando Cuevas
|
0-0: Called Strike 0-1: Ball 1-1: Ball 2-1: Ball 3-1: Swinging Strike 3-2: Base on Balls Jesús Ramírez to third Cristo García to second
|
Batting: RHB Jim Beck
|
0-0: Swinging Strike 0-1: Ball 1-1: Ball 2-1: Ball 3-1: Called Strike 3-2: Strikes out swinging
|
Pinch Hitting: RHB Luis Maldonado
|
0-0: Ball 1-0: Fly out, F8 (Flyball, 78S)
|
Top of the 8th over - 2 run(s), 4 hit(s), 0 error(s), 3 left on base; Mt Pleasant 4 - Butler 3 |
BOTTOM OF THE 8TH |
Butler White Sox batting - Pitching for Mt Pleasant Bearcats : LHP José Chávez
|
Pitching: RHP Jorge Amador
|
|
Now at C: Chris Jones
|
|
Now in CF: Jeffrey Hicks
|
|
Now in RF: Irving Galloway
|
|
Batting: RHB Rodney González
|
0-0: SINGLE (Line Drive, 7S)
|
Pitching: LHP Henry Barton
|
|
Batting: LHB Mark Everett
|
0-0: Ball 1-0: Foul Ball, location: 2F 1-1: Hit by Pitch Rodney González to second
|
Pitching: RHP Tim Hill
|
|
Batting: RHB Richard Bankhead
|
0-0: Ball 1-0: SINGLE (Line Drive, 7S) Rodney González to third Mark Everett to second Runner from 3rd tries for Home, SAFE, no throw or cutoff
|
Batting: LHB Pat Weaver
|
0-0: Ground out 4-3 (Groundball, 4M) Mark Everett to third Richard Bankhead to second
|
Batting: RHB Evan Robinson
|
0-0: Called Strike 0-1: Ball 1-1: Foul Ball, location: 2F 1-2: Foul Ball, location: 2F 1-2: Fly out, F7 (Flyball, 78M) Runner from 3rd tags up, SCORES, throw made
|
Pinch Hitting: LHB Jesús González
|
0-0: Ball 1-0: Called Strike 1-1: Ground out 4-3 (Groundball, 4M)
|
Bottom of the 8th over - 2 run(s), 2 hit(s), 0 error(s), 1 left on base; Mt Pleasant 4 - Butler 5 |
|